General information
- name: BNet
- type: Ladder team game (AT/RT)
- host: Battle.net
- saver: FaveColorlsPink
map: UpperKingdom
- players: 6
- length: 35:26
- speed: Fast
- version: 1.26 W3XP
- replay type: Public
» download(261 KB)
Players
team 1 (loser)
D1mka. (
green | 85 APM | 2992 actions | 35:20)
6 Tauren Chieftain
2 War Stomp
3 Endurance Aura
1 Reincarnation
4 Shadow Hunter
2 Healing Wave
2 Hex
4 Far Seer
2 Chain Lighting
2 Feral Spirit
» actions
| Assign group hotkey | 76 | |
| Basic commands | 371 | |
| Build / train | 150 | |
| ESC pressed | 9 | |
| Enter build submenu | 21 | |
| Enter hero's abilities submenu | 14 | |
| Give item / drop item | 2 | |
| Right click | 615 | |
| Select / deselect | 641 | |
| Select group hotkey | 838 | |
| Use ability | 255 | |
2992 total
» units
| Peon | 20 | |
| Troll Headhunter/Berserker | 25 | |
| Demolisher | 1 | |
| Tauren | 9 | |
| Troll Witch Doctor | 7 | |
62 total
» upgrades
| Ranged Weapons | 2 | |
| Troll Regeneration | 1 | |
| Berserker Upgrade | 1 | |
| Burning Oil | 1 | |
| Armor | 3 | |
| Witch Doctor Training | 2 | |
| Pulverize | 1 | |
| Reinforced Defenses | 1 | |
12 total
» buildings
| Orc Burrow | 9 | |
| Altar of Storms | 1 | |
| War Mill | 1 | |
| Barracks | 4 | |
| Voodoo Lounge | 3 | |
| Great Hall | 1 | |
| Stronghold | 2 | |
| Fortress | 4 | |
| Spirit Lodge | 1 | |
| Tauren Totem | 1 | |
| Watch Tower | 8 | |
35 total
» build order
00:22 Orc Burrow
00:40 Altar of Storms
01:39 War Mill
01:50 Orc Burrow
02:02 Barracks
02:06 Barracks
02:23 Barracks
02:32 Barracks
02:37 Voodoo Lounge
03:13 Orc Burrow
05:30 Great Hall
05:53 Stronghold
06:54 Orc Burrow
06:55 Orc Burrow
08:35 Fortress
08:35 Fortress
08:35 Fortress
09:50 Orc Burrow
10:35 Spirit Lodge
11:20 Tauren Totem
11:50 Orc Burrow
15:15 Orc Burrow
15:17 Orc Burrow
25:53 Voodoo Lounge
28:49 Voodoo Lounge
31:58 Watch Tower
31:59 Watch Tower
32:00 Watch Tower
32:02 Watch Tower
32:03 Watch Tower
32:04 Watch Tower
32:05 Watch Tower
32:07 Watch Tower
» items
| Healing Salve | 1 | |
| Lesser Clarity Potion | 4 | |
| Scroll of Town Portal | 3 | |
| Potion of Healing | 4 | |
12 total

»
NitrO- (
teal | 101 APM | 3547 actions | 35:14)
5 Far Seer
2 Feral Spirit
3 Chain Lighting
4 Shadow Hunter
2 Healing Wave
2 Serpent Ward
» actions
| Assign group hotkey | 76 | |
| Basic commands | 58 | |
| Build / train | 93 | |
| Enter build submenu | 19 | |
| Enter hero's abilities submenu | 9 | |
| Remove unit from queue | 2 | |
| Right click | 1261 | |
| Select / deselect | 642 | |
| Select group hotkey | 1123 | |
| Use ability | 264 | |
3547 total
» units
| Peon | 8 | |
| Grunt | 4 | |
| Tauren | 9 | |
| Spirit Walker | 6 | |
| Shaman | 7 | |
| Troll Batrider | 7 | |
41 total
» upgrades
| Armor | 1 | |
| Spirit Walker Training | 2 | |
| Melee Weapons | 1 | |
| Pulverize | 1 | |
| Witch Doctor Training | 0 | |
| Shaman Training | 2 | |
7 total
» buildings
| Altar of Storms | 1 | |
| Orc Burrow | 7 | |
| Barracks | 1 | |
| Voodoo Lounge | 1 | |
| Stronghold | 5 | |
| War Mill | 1 | |
| Fortress | 4 | |
| Spirit Lodge | 2 | |
| Tauren Totem | 2 | |
| Great Hall | 2 | |
| Beastiary | 1 | |
27 total
» build order
00:10 Altar of Storms
00:21 Orc Burrow
00:36 Barracks
01:51 Orc Burrow
02:04 Voodoo Lounge
02:28 Orc Burrow
03:32 Stronghold
03:32 Stronghold
03:32 Stronghold
04:43 War Mill
04:52 Orc Burrow
05:55 Fortress
05:55 Fortress
05:55 Fortress
05:58 Spirit Lodge
07:06 Orc Burrow
08:23 Tauren Totem
08:24 Tauren Totem
09:02 Orc Burrow
09:03 Spirit Lodge
09:09 Orc Burrow
19:34 Great Hall
20:57 Beastiary
27:21 Great Hall
» items
| Lesser Clarity Potion | 3 | |
| Healing Salve | 2 | |
| Scroll of Speed | 1 | |
| Scroll of Town Portal | 1 | |
| Potion of Healing | 1 | |
8 total
elutias (
orange | 59 APM | 2073 actions | 35:23)
6 Blademaster
3 Wind Walk
2 Critical Strike
1 Bladestorm
2 Shadow Hunter
1 Hex
1 Healing Wave
» actions
| Basic commands | 139 | |
| Build / train | 57 | |
| Enter build submenu | 15 | |
| Enter hero's abilities submenu | 8 | |
| Remove unit from queue | 1 | |
| Right click | 1197 | |
| Select / deselect | 531 | |
| Use ability | 125 | |
2073 total
» units
| Peon | 8 | |
| Grunt | 2 | |
| Wind Rider | 11 | |
| Troll Batrider | 17 | |
38 total
» upgrades
» buildings
| Altar of Storms | 1 | |
| Orc Burrow | 6 | |
| Barracks | 1 | |
| Voodoo Lounge | 1 | |
| War Mill | 1 | |
| Stronghold | 1 | |
| Beastiary | 2 | |
13 total
» build order
00:07 Altar of Storms
00:20 Orc Burrow
00:59 Barracks
01:38 Orc Burrow
02:19 Voodoo Lounge
03:02 War Mill
03:03 Stronghold
03:56 Orc Burrow
05:26 Beastiary
05:27 Beastiary
06:36 Orc Burrow
08:30 Orc Burrow
16:11 Orc Burrow
» items
| Potion of Healing | 1 | |
| Lesser Clarity Potion | 1 | |
| Scroll of Speed | 1 | |
| Orb of Lightning | 1 | |
4 total
team 2 (winner)
FaveColorlsPink (
red | 118 APM | 4190 actions | 35:26)
7 Death Knight
3 Death Coil
3 Unholy Aura
1 Animate Dead
7 Lich
3 Frost Nova
3 Frost Armor
1 Death and Decay
6 Crypt Lord
3 Impale
2 Spiked Carapace
1 Locust Swarm
» actions
| Assign group hotkey | 109 | |
| Basic commands | 2 | |
| Build / train | 121 | |
| ESC pressed | 6 | |
| Enter build submenu | 33 | |
| Enter hero's abilities submenu | 22 | |
| Give item / drop item | 6 | |
| Right click | 1532 | |
| Select / deselect | 1200 | |
| Select group hotkey | 924 | |
| Use ability | 235 | |
4190 total
» units
| Acolyte | 21 | |
| Ghoul | 3 | |
| Crypt Fiend | 17 | |
| Frost Wyrm | 14 | |
55 total
» upgrades
| Creature Attack | 3 | |
| Creature Carapace | 3 | |
| Web | 1 | |
| Burrow | 1 | |
8 total
» buildings
| Crypt | 2 | |
| Graveyard | 1 | |
| Altar of Darkness | 1 | |
| Ziggurat | 8 | |
| Tomb of Relics | 1 | |
| Nerubian Tower | 2 | |
| Necropolis | 3 | |
| Halls of the Dead | 1 | |
| Black Citadel | 1 | |
| Sacrificial Pit | 1 | |
| Boneyard | 3 | |
| Spirit Tower | 3 | |
27 total
» build order
00:05 Crypt
00:07 Graveyard
00:31 Altar of Darkness
00:47 Ziggurat
01:17 Tomb of Relics
01:54 Ziggurat
02:45 Nerubian Tower
04:46 Necropolis
05:08 Halls of the Dead
06:09 Ziggurat
06:10 Ziggurat
07:00 Ziggurat
08:07 Black Citadel
08:52 Crypt
09:03 Sacrificial Pit
10:29 Boneyard
11:20 Boneyard
11:22 Ziggurat
15:41 Spirit Tower
15:42 Nerubian Tower
16:13 Ziggurat
16:14 Ziggurat
19:14 Necropolis
21:38 Spirit Tower
28:17 Boneyard
30:53 Spirit Tower
33:06 Necropolis
» items
| Rod of Necromancy | 3 | |
| Dust of Appearance | 1 | |
| Scroll of Regeneration | 4 | |
| Lesser Clarity Potion | 7 | |
| Orb of Corruption | 2 | |
| Potion of Healing | 2 | |
| Scroll of Town Portal | 6 | |
| Scroll of Healing | 3 | |
28 total

»
MaStErRoKhAn (
purple | 52 APM | 1844 actions | 35:24)
6 Demon Hunter
3 Mana Burn
2 Evasion
1 Metamorphosis
4 Priestess of the Moon
2 Trueshot Aura
1 Scout
1 Searing Arrows
» actions
| Assign group hotkey | 33 | |
| Build / train | 86 | |
| Enter build submenu | 31 | |
| Enter hero's abilities submenu | 11 | |
| Give item / drop item | 1 | |
| Remove unit from queue | 4 | |
| Right click | 775 | |
| Select / deselect | 526 | |
| Select group hotkey | 295 | |
| Use ability | 82 | |
1844 total
» units
| Wisp | 28 | |
| Archer | 15 | |
| Dryad | 4 | |
| Druid of the Claw | 9 | |
56 total
» upgrades
| Abolish Magic | 1 | |
| Well Spring | 1 | |
| Druid of the Claw Training | 2 | |
| Mark of the Claw | 1 | |
| Reinforced Hides | 1 | |
6 total
» buildings
| Altar of Elders | 2 | |
| Moon Well | 14 | |
| Ancient of War | 3 | |
| Tree of Ages | 2 | |
| Hunter's Hall | 2 | |
| Ancient of Lore | 4 | |
| Tree of Life | 2 | |
| Tree of Eternity | 2 | |
| Ancient of Wonders | 1 | |
32 total
» build order
00:18 Altar of Elders
00:20 Moon Well
01:16 Ancient of War
02:11 Moon Well
03:24 Tree of Ages
04:36 Hunter's Hall
05:53 Moon Well
05:55 Moon Well
06:34 Ancient of Lore
06:48 Tree of Life
07:05 Ancient of Lore
08:36 Tree of Eternity
09:56 Moon Well
10:02 Moon Well
11:11 Moon Well
11:12 Moon Well
12:04 Tree of Life
16:05 Moon Well
16:07 Moon Well
16:11 Ancient of War
18:07 Ancient of War
18:12 Moon Well
19:05 Tree of Ages
19:41 Moon Well
20:50 Moon Well
21:51 Altar of Elders
22:00 Hunter's Hall
23:10 Ancient of Lore
23:13 Ancient of Lore
23:43 Ancient of Wonders
23:44 Tree of Eternity
24:30 Moon Well
» items
| Scroll of Regeneration | 1 | |
| Orb of Fire | 1 | |
| Scroll of Town Portal | 2 | |
| Potion of Healing | 1 | |
5 total
Karaza (
yellow | 36 APM | 1275 actions | 35:24)
5 Paladin
2 Holy Light
2 Devotion Aura
1 Divine Shield
3 Mountain King
1 Storm Bolt
1 Bash
1 Thunder Clap
1 Blood Mage
1 Flame Strike
» actions
| Assign group hotkey | 33 | |
| Build / train | 97 | |
| Enter build submenu | 22 | |
| Enter hero's abilities submenu | 9 | |
| Give item / drop item | 2 | |
| Remove unit from queue | 1 | |
| Right click | 590 | |
| Select / deselect | 351 | |
| Select group hotkey | 71 | |
| Use ability | 99 | |
1275 total
» units
| Peasant | 8 | |
| Footman | 7 | |
| Rifleman | 10 | |
| Spell Breaker | 9 | |
| Knight | 5 | |
| Priest | 3 | |
| Sorceress | 1 | |
| Gryphon Rider | 1 | |
44 total
» upgrades
| Defend | 1 | |
| Long Rifles | 1 | |
| Lumber Harvesting | 1 | |
| Plating | 1 | |
| Swords | 1 | |
| Gunpowder | 1 | |
| Priest Training | 2 | |
8 total
» buildings
| Altar of Kings | 2 | |
| Barracks | 1 | |
| Farm | 9 | |
| Arcane Vault | 3 | |
| Blacksmith | 2 | |
| Scout Tower | 4 | |
| Lumber Mill | 1 | |
| Keep | 2 | |
| Arcane Tower | 2 | |
| Guard Tower | 1 | |
| Castle | 2 | |
| Arcane Sanctum | 2 | |
| Gryphon Aviary | 1 | |
| Town Hall | 1 | |
33 total
» build order
00:10 Altar of Kings
00:15 Barracks
00:58 Farm
00:58 Farm
02:03 Farm
02:41 Arcane Vault
02:49 Blacksmith
03:12 Arcane Vault
04:10 Farm
04:10 Farm
04:54 Scout Tower
04:55 Scout Tower
05:03 Lumber Mill
05:18 Keep
05:43 Arcane Tower
06:03 Farm
06:04 Farm
06:43 Guard Tower
10:55 Castle
11:45 Arcane Sanctum
18:10 Gryphon Aviary
28:51 Town Hall
28:57 Altar of Kings
30:22 Arcane Vault
30:29 Farm
30:30 Farm
31:37 Keep
31:43 Blacksmith
31:48 Scout Tower
31:49 Scout Tower
32:48 Arcane Tower
35:09 Arcane Sanctum
35:13 Castle
» items
| Lesser Clarity Potion | 3 | |
| Scroll of Regeneration | 6 | |
| Potion of Healing | 5 | |
| Scroll of Town Portal | 2 | |
| Orb of Fire | 2 | |
| Ivory Tower | 4 | |
22 total
Chat log
(00:08 / Allies) MaStErRoKhAn: hey
(00:20 / Allies) FaveColorlsPink: hi 100g?
(00:27 / Allies) FaveColorlsPink: ty
(02:01 / Allies) MaStErRoKhAn: 3bm
(02:19 / Allies) FaveColorlsPink: 3 orc suck but we need anti spell
(02:26 / Allies) FaveColorlsPink: yellow can u go spellbraker?
(02:28 / Allies) MaStErRoKhAn: red buy dust
(02:58 / Allies) FaveColorlsPink: lal
(03:00 / Allies) MaStErRoKhAn: pro
(03:37 / Allies) FaveColorlsPink: yellow
(03:56 / Allies) FaveColorlsPink: few more peasants on wood yellow
(04:25 / Allies) MaStErRoKhAn: 1bm
(04:26 / Allies) MaStErRoKhAn: 1tc
(04:57 / Allies) FaveColorlsPink: tech
(05:02 / Allies) FaveColorlsPink: when u have 320
(05:15 / Allies) MaStErRoKhAn: do tech
(05:16 / Allies) MaStErRoKhAn: omg
(05:35 / Allies) FaveColorlsPink: yellow u know how to make spellbreaker?
(06:05 / Allies) FaveColorlsPink: elf take
(06:17 / Allies) FaveColorlsPink: yello
(06:49 / Allies) FaveColorlsPink: get potm 2nd pls
(07:05 / Allies) Karaza: potm?
(07:08 / Allies) FaveColorlsPink: not u
(07:09 / Allies) MaStErRoKhAn: ...
(07:09 / Allies) FaveColorlsPink: elf
(07:11 / Allies) MaStErRoKhAn: leave yellow
(07:20 / Allies) FaveColorlsPink: coming
(08:26 / Allies) FaveColorlsPink: kill wyv
(09:22 / Allies) FaveColorlsPink: fs
(09:40 / Allies) MaStErRoKhAn: web?
(09:47 / Allies) FaveColorlsPink: not yet
(10:04 / Allies) MaStErRoKhAn: bacl
(11:11 / Allies) FaveColorlsPink: wood
(11:32 / Allies) FaveColorlsPink: make spellbreaker
(11:42 / Allies) MaStErRoKhAn: "what is it"
(11:57 / Allies) FaveColorlsPink: arcane building
(12:03 / Allies) FaveColorlsPink: then the 3rd from left
(12:38 / Allies) MaStErRoKhAn: wood
(12:42 / Allies) MaStErRoKhAn: thx
(13:10 / Allies) MaStErRoKhAn: gg
(13:46 / All) NitrO-: gg
(14:18 / All) MaStErRoKhAn: we have lucky
(14:21 / All) MaStErRoKhAn: we play 2v3
(14:24 / All) NitrO-: ye
(14:25 / All) NitrO-: gg
(16:24 / All) MaStErRoKhAn: yellow u are noob
(16:32 / Allies) FaveColorlsPink: wood
(16:32 / Allies) Karaza: first 3v3
(16:39 / All) MaStErRoKhAn: second
(17:01 / All) NitrO-: OMFG
(17:06 / All) NitrO-: HELP US NOOB
(17:28 / All) MaStErRoKhAn: hero
(18:21 / All) MaStErRoKhAn: thx
(18:51 / All) MaStErRoKhAn: stay red
(18:55 / All) MaStErRoKhAn: i give u something
(20:37 / Allies) FaveColorlsPink: b
(21:11 / Allies) FaveColorlsPink: b
(21:23 / Allies) FaveColorlsPink: yellow come
(21:41 / Allies) FaveColorlsPink: tp all
(22:34 / All) MaStErRoKhAn: yellow
(22:34 / All) MaStErRoKhAn: b
(23:30 / All) MaStErRoKhAn: gold red
(24:32 / Allies) FaveColorlsPink: come
(25:08 / Allies) FaveColorlsPink: b
(25:08 / Allies) FaveColorlsPink: b
(25:12 / Allies) FaveColorlsPink: b
(25:12 / Allies) FaveColorlsPink: b
(25:25 / Allies) FaveColorlsPink: stop arher
(25:26 / Allies) FaveColorlsPink: go tech
(25:27 / Allies) FaveColorlsPink: to bear
(25:31 / All) MaStErRoKhAn: i know
(25:33 / Allies) FaveColorlsPink: o ok
(25:34 / Allies) FaveColorlsPink: gj
(25:43 / Allies) FaveColorlsPink: yellow make expand
(25:52 / Allies) FaveColorlsPink: take
(25:57 / Allies) FaveColorlsPink: and make only spellbreaker and night
(26:49 / All) MaStErRoKhAn: bb
(27:32 / All) NitrO-: gg
(28:39 / Allies) FaveColorlsPink: must kill spellbreaker
(28:42 / Allies) FaveColorlsPink: uh
(28:45 / Allies) FaveColorlsPink: spirtitwlkaer
(28:50 / All) MaStErRoKhAn: go
(28:52 / All) MaStErRoKhAn: kill
(29:12 / All) MaStErRoKhAn: hero!
(29:32 / All) MaStErRoKhAn: bb
(29:41 / All) NitrO-: gg
(29:45 / All) NitrO-: good try
(29:49 / All) FaveColorlsPink: fucking noobsd
(29:55 / All) NitrO-: Stfu
(29:57 / All) NitrO-: accept lose
(29:58 / All) FaveColorlsPink: fucking noob
(30:01 / All) NitrO-: we had retarded all
(30:03 / All) NitrO-: ally
(30:07 / All) NitrO-: So stfy noobshit
(31:40 / All) NitrO-: GO
(33:05 / All) MaStErRoKhAn: buy tp for me
(33:15 / Allies) Karaza: I have one
(33:24 / All) MaStErRoKhAn: b red
(33:25 / All) FaveColorlsPink: noob
(33:28 / All) NitrO-: gg
(33:31 / All) NitrO-: idiot ally
(34:26 / All) MaStErRoKhAn: tc
(34:38 / All) MaStErRoKhAn: tc
(34:45 / All) NitrO-: sorry to say but
(34:55 / All) NitrO-: green is totaly useles shit
(34:57 / All) MaStErRoKhAn: gg
(35:01 / All) MaStErRoKhAn: yellow to
(35:03 / All) FaveColorlsPink: i > all
(35:05 / All) NitrO-: learn to play motherfucker
(35:06 / All) NitrO-: no
(35:09 / All) NitrO-: u suck actually
(35:11 / All) NitrO-: i raped u in rush
(35:13 / All) NitrO-: l2p
(35:13 / All) FaveColorlsPink: xD
(35:15 / All) MaStErRoKhAn: nitro
(35:23 / Allies) FaveColorlsPink: what an idiot